 Dungeon Crawl Stone Soup version 0.17-a0-1763-g847a857 (webtiles) character file.

225 Crag the Gusty (level 6, -14/32 HPs)
             Began as a Tengu Air Elementalist on Sept 4, 2015.
             Demolished by an ice beast (16 damage)
             ... on level 4 of the Dungeon.
             The game lasted 00:13:32 (3678 turns).

Crag the Gusty (Tengu Air Elementalist)             Turns: 3678, Time: 00:13:33

Health: -14/32     AC:  2    Str:  9    XL:     6   Next: 1%
Magic:  7/12       EV: 12    Int: 17    God:
Gold:   149        SH:  3    Dex: 14    Spells: 3 memorised, 5 levels left

rFire  + . .     SeeInvis .     e - +0 war axe (flame)
rCold  x . .     Clarity  .     a - +0 robe
rNeg   + . .     SustAt   .     m - +0 buckler
rPois  .         Gourm    .     (helmet restricted)
rElec  .         Spirit   .     (no cloak)
rCorr  .         Warding  +     (no gloves)
rMut   .         Stasis   .     (boots unavailable)
MR     .....                    o - amulet of warding
Stlth  +++.......               f - ring of stealth
                                r - ring of fire

@: not resistant to hostile enchantments, fairly stealthy
A: beak, talons 3, able to fly 1
a: Fly


You were on level 4 of the Dungeon.
You were not hungry.

You visited 1 branch of the dungeon, and saw 4 of its levels.

You collected 149 gold pieces.

Inventory:

Hand weapons
 d - a +0 dagger
 e - a +0 war axe of flaming (weapon)
 i - a +2 dagger of holy wrath
 j - a +0 hand crossbow
Missiles
 h - 8 bolts of frost
Armour
 a - a +0 robe (worn)
 m - a +0 buckler (worn)
Jewellery
 f - a ring of stealth (right hand)
 o - an amulet of warding (around neck)
 r - a ring of fire (left hand)
Scrolls
 g - a scroll of enchant armour {unknown}
 k - a scroll of fear {unknown}
 s - 4 scrolls of identify
Books
 b - a book of Air

   Spells                             Type                      Level
   a - Shock                          Conjuration/Air              1
   b - Swiftness                      Charms/Air                   2
   c - Repel Missiles                 Charms/Air                   2
   d - Static Discharge               Conjuration/Air              3
   e - Lightning Bolt                 Conjuration/Air              5
 n - a book of Necromancy

   Spells                             Type                      Level
   a - Pain                           Necromancy                   1
   b - Animate Skeleton               Necromancy                   1
   c - Vampiric Draining              Necromancy                   3
   d - Regeneration                   Charms/Necromancy            3
   e - Animate Dead                   Necromancy                   4
   f - Control Undead                 Necromancy                   4
Comestibles
 c - 2 bread rations
 l - 4 chunks of flesh
 p - 3 meat rations
 q - 5 fruits


   Skills:
 - Level 2.6 Dodging
 - Level 2.0 Stealth
 + Level 3.4 Spellcasting
 + Level 4.5 Conjurations
 + Level 5.5 Air Magic


You had 5 spell levels left.
You knew the following spells:

 Your Spells              Type           Power        Failure   Level  Hunger
a - Shock                 Conj/Air       ###.         4%          1    None
b - Swiftness             Chrm/Air       ##......     14%         2    ##.....
c - Static Discharge      Conj/Air       ###.....     14%         3    ###....


Dungeon Overview and Level Annotations

Branches:
Dungeon (4/15)
 Temple: D:4-7

Altars:
Xom
The Shining One


Innate Abilities, Weirdness & Mutations

You have a beak for a mouth.
You have claws for feet.
You can fly.


Message History

The zap hits the ice beast.
The ice beast appears unharmed.
The ice beast is moderately wounded.
You completely miss the ice beast.
You claw the ice beast, but do no damage.
You peck the ice beast.
The ice beast is moderately wounded.
The ice beast closely misses you. The ice beast hits you.
The ice beast freezes you!
You feel a terrible chill!
You closely miss the ice beast.
The ice beast is moderately wounded.
The ice beast hits you. The ice beast freezes you!
You feel a terrible chill!
* * * LOW HITPOINT WARNING * * *
You barely miss the ice beast.
You claw the ice beast, but do no damage.
The ice beast is moderately wounded.
You block the ice beast's attack. The ice beast hits you.
* * * LOW HITPOINT WARNING * * *
The ice beast freezes you!
You feel a terrible chill!
Ouch! That really hurt!
You die...

####### ..#
.......#######...#
.............#...#
.................#
................#
................#
#####.........#
#..<....@Y....#
#...)...#....!..
#######...)####.######
#..[........# .#
##.#####))...### .#
....<..............
##.###.#.#.#.###... ..
........... .. .
#####.#######


You could see an ice beast.

Vanquished Creatures
  An ogre (D:3)
  5 adders
  A worm (D:3)
  A giant gecko (D:2)
  15 orcs
  14 hobgoblins
  7 jackals
  5 bats
  3 giant cockroaches
  5 giant newts
  7 goblins
  7 kobolds
  7 rats
78 creatures vanquished.

Notes
Turn   | Place    | Note
--------------------------------------------------------------
     0 | D:1      | Crag the Tengu Air Elementalist began the quest for the Orb.
     0 | D:1      | Reached XP level 1. HP: 10/10 MP: 4/4
   266 | D:1      | Reached XP level 2. HP: 15/15 MP: 1/6
   314 | D:1      | Learned a level 2 spell: Swiftness
  1113 | D:1      | Reached XP level 3. HP: 19/19 MP: 3/7
  1255 | D:2      | Learned a level 3 spell: Static Discharge
  1606 | D:2      | Reached XP level 4. HP: 24/24 MP: 4/8
  2110 | D:2      | Reached skill level 5 in Air Magic
  2438 | D:2      | Found a shimmering altar of Xom.
  3016 | D:3      | Noticed an ogre
  3024 | D:3      | Killed an ogre
  3024 | D:3      | Gained mutation: You can fly. [Tengu growth]
  3024 | D:3      | Reached XP level 5. HP: 28/28 MP: 1/10
  3175 | D:3      | Found a glowing golden altar of the Shining One.
  3590 | D:4      | Reached XP level 6. HP: 32/32 MP: 5/12
  3669 | D:4      | Noticed an ice beast
  3678 | D:4      | Demolished by an ice beast

Vault maps used:
D:1:      sevenhm_arrival_forest_fort_small_3
D:2:      nicolae_overflow_hidden_temple, first_bread
D:3:      tso_altar

Action                   |  1- 3 |  4- 6 || total
-------------------------+-------+-------++-------
Melee: Dagger            |    20 |    19 ||    39
       War axe           |       |    13 ||    13
 Cast: Shock             |    75 |    95 ||   170
       Swiftness         |     1 |       ||     1
  Use: Scroll            |       |     7 ||     7
       Potion            |       |     4 ||     4
  Eat: Chunk             |     3 |     7 ||    10
